 Dungeon Crawl Stone Soup version 0.20.1-1-g8b1a95d (webtiles) character file.

175 vatarom the Ruffian (level 5, 0/49 HPs)
             Began as a Troll Transmuter on Sept 10, 2017.
             Was an Initiate of Ashenzari.
             Slain by vineage's ghost (12 damage)
             ... on level 3 of the Dungeon.
             The game lasted 00:04:16 (2011 turns).

vatarom the Ruffian (Troll Transmuter)              Turns: 2011, Time: 00:04:17

Health: 0/49       AC:  8    Str: 18    XL:     5   Next: 29%
Magic:  5/5        EV: 10    Int:  7    God:    Ashenzari [......]
Gold:   115        SH:  0    Dex: 11    Spells: 5/6 levels left

rFire    . . .     SeeInvis .     - Unarmed
rCold    . . .     Gourm    +   (no shield)
rNeg     . . .     Faith    .   b - +0 robe
rPois    +         Spirit   .   (helmet restricted)
rElec    .         Reflect  .   e - +2 cloak {rPois}
rCorr    .         Harm     .   (gloves unavailable)
MR       .....                  (boots unavailable)
Stlth    +.........             (no amulet)
Regen    0.6/turn               (no ring)
MPRegen  0.1/turn               (no ring)

@: no status effects
A: unfitting armour, antennae 1, claws 3, dopey 1, fast metabolism 3, gourmand,
regeneration 1, shaggy fur 1, tough skin 2
a: Curse Item, Renounce Religion


You were on level 3 of the Dungeon.
You worshipped Ashenzari.
Ashenzari was noncommittal.
You were very full.

You visited 1 branch of the dungeon, and saw 3 of its levels.

You collected 115 gold pieces.

Inventory:

Missiles
 a - 12 arrows
Armour
 b - a +0 robe (worn)
 e - a +2 cloak of poison resistance (worn)
Scrolls
 f - a scroll of remove curse
 g - a scroll of teleportation
 o - a scroll of immolation
 p - a scroll of recharging
Potions
 l - a potion of might
Books
 c - a book of Changes

   Spells                             Type                      Level
   a - Beastly Appendage              Transmutation                1
   b - Sticks to Snakes               Transmutation                2
   c - Spider Form                    Transmutation/Poison         3
   d - Ice Form                       Ice/Transmutation            4
   e - Blade Hands                    Transmutation                5
Comestibles
 d - 4 bread rations
 h - 2 royal jellies


   Skills:
 - Level 2.1 Fighting
 - Level 1.5 Dodging
 + Level 5.4 Unarmed Combat
 - Level 1.2 Spellcasting
 - Level 1.3 Transmutations


You had 5 spell levels left.
You knew the following spells:

 Your Spells              Type           Power        Failure   Level  Hunger
a - Beastly Appendage     Tmut           #.....       24%         1    ##.....


Dungeon Overview and Level Annotations

Branches:
Dungeon (3/15)

Altars:
Ashenzari

Annotations:
D:3 vineage's ghost, amateur GrFi


Innate Abilities, Weirdness & Mutations

You are too large for most types of armour.
You have claws for hands.
Your metabolism is lightning-fast.
You like to eat raw meat.
Your natural rate of healing is unusually fast.
You are covered in fur. (AC +1)
You have very tough skin. (AC +2)
You have a pair of small antennae on your head.
You are dopey. (Int -2)


Message History

Ijyb barely misses you.
You claw Ijyb!
Ijyb is heavily wounded.
Ijyb barely misses you.
You claw Ijyb!
Ijyb is almost dead.
Ijyb hits you but does no damage.
You claw Ijyb!
You kill Ijyb!
You scratch vineage's ghost.
Vineage's ghost is lightly damaged.
Vineage's ghost hits you but does no damage.
You scratch vineage's ghost.
Vineage's ghost is moderately damaged.
Vineage's ghost hits you!
* * * LOW HITPOINT WARNING * * *
You scratch vineage's ghost but do no damage.
Vineage's ghost is moderately damaged.
Vineage's ghost hits you!
You die...

#... # ...# #.
....#
.#####.....
..#.......
#.#.......
##.........
##Wg...#
####@#{...#
#...###.......
#.##.#.##......
#.# #.# ......
#.# #.###......
#)# #.... .....
.. ##.###....
..... #.
#......... ...
###.
#..###..##. ...
...


You could see vineage's ghost and a hobgoblin.

Vanquished Creatures
  Crazy Yiuf (D:2)
  Ijyb (D:3)
  Terence (D:3)
  3 adders (D:2)
  2 worms (D:2)
  A dart slug (D:1)
  3 leopard geckos
  6 giant cockroaches
  3 goblins
  6 hobgoblins
  9 jackals
  7 kobolds
  6 bats
  4 frilled lizards
  3 rats
56 creatures vanquished.

Notes
Turn   | Place    | Note
-------+----------+-------------------------------------------
     0 | D:1      | vatarom the Troll Transmuter began the quest for the Orb.
     0 | D:1      | Reached XP level 1. HP: 18/18 MP: 1/1
    22 | D:1      | Reached skill level 1 in Fighting
   139 | D:1      | Reached XP level 2. HP: 27/27 MP: 2/2
   441 | D:1      | Reached XP level 3. HP: 32/35 MP: 3/3
   924 | D:2      | Found a shattered altar of Ashenzari.
   931 | D:2      | Became a worshipper of Ashenzari the Shackled
  1048 | D:2      | Reached skill level 4 in Unarmed Combat
  1192 | D:2      | Reached XP level 4. HP: 42/42 MP: 4/4
  1366 | D:2      | Found a runed door.
  1477 | D:2      | Noticed Crazy Yiuf
  1483 | D:2      | Killed Crazy Yiuf
  1666 | D:3      | Noticed Terence
  1679 | D:3      | Killed Terence
  1679 | D:3      | Reached skill level 5 in Unarmed Combat
  1679 | D:3      | Reached XP level 5. HP: 39/49 MP: 5/5
  1695 | D:3      | Gained mutation: You are dopey. (Int -2) [potion of mutation]
  1695 | D:3      | Gained mutation: You expend magic power (3 MP) to strengthen your wands. [potion of mutation]
  1695 | D:3      | Lost mutation: You expend magic power (3 MP) to strengthen your wands. [potion of mutation]
  1695 | D:3      | Gained mutation: You have a pair of small antennae on your head. [potion of mutation]
  1995 | D:3      | Noticed Ijyb
  1995 | D:3      | Noticed vineage's ghost (amateur GrFi)
  2008 | D:3      | Killed Ijyb
  2011 | D:3      | Slain by vineage's ghost

Skill      XL: |  1  2  3  4 |
---------------+-------------+-----
Fighting       | 1 2 |  2.1
Unarmed Combat | 4 5 |  5.4
Dodging        | |  1.5
Spellcasting   | |  1.2
Transmutations | |  1.3

Action                   |  1- 3 |  4- 6 || total
-------------------------+-------+-------++-------
Melee: Unarmed           |   140 |    61 ||   201
       Punch             |     2 |     2 ||     4
  Use: Scroll            |     4 |     2 ||     6
       Potion            |       |     6 ||     6
 Stab: Sleeping          |     1 |     1 ||     2
  Eat: Chunk             |    16 |     7 ||    23
Armor: Robe              |    61 |    40 ||   101
Dodge: Dodged            |    82 |    33 ||   115
